 Dungeon Crawl Stone Soup version 0.30-a0-760-g5a9884bb7c (webtiles) character file.

Game seed: 3377240821840795691

216 cforsyth the Caller (level 5, -5/28 HPs)
             Began as a Tengu Summoner on Feb 10, 2023.
             Killed by divine providence
             ... invoked by an orc priest
              (10 damage)
             ... on level 3 of the Dungeon.
             The game lasted 00:10:03 (2759 turns).

cforsyth the Caller (Tengu Summoner)                Turns: 2759, Time: 00:10:04

Health: -5/28      AC:  2    Str:  9    XL:     5   Next: 93%
Magic:  10/12      EV: 14    Int: 17    God:
Gold:   39         SH:  0    Dex: 14    Spells: 3/12 levels left

rFire   . . .      SeeInvis .    k - +8 club (spect)
rCold   . . .      Faith    .    (no shield)
rNeg    . . .      Spirit   .    a - +0 robe
rPois   .          Reflect  .    (helmet restricted)
rElec   .          Harm     .    (no cloak)
rCorr   .          Rampage  .    (no gloves)
Will    .....                    (boots unavailable)
Stlth   ++                       (no amulet)
HPRegen 0.24/turn                (no ring)
MPRegen 0.13/turn                (no ring)

@: flying quickly and evasively, quick
A: beak, talons 3, nimble flight
a: no special abilities


You were on level 3 of the Dungeon.
You visited 1 branch of the dungeon, and saw 3 of its levels.

You collected 39 gold pieces.

Inventory:

Hand Weapons
 k - a +8 spectral club (weapon)
Armour
 a - a +0 robe (worn)
Scrolls
 c - 3 scrolls of fear {unknown}
 g - a scroll of vulnerability {unknown}
 h - 3 scrolls of identify {unknown}
 l - a scroll of teleportation {unknown}
 m - a scroll of enchant armour {unknown}
Potions
 b - 2 potions of magic
 d - a potion of degeneration {unknown}
 e - a potion of curing {unknown}
 f - 2 potions of lignification {unknown}
 i - 2 potions of flight {unknown}
 j - a potion of mutation {unknown}


   Skills:
 - Level 2.1 Dodging
 - Level 2.0 Stealth
 + Level 4.1 Spellcasting
 + Level 6.8 Summonings


You had 3 spell levels left.
You knew the following spells:

 Your Spells              Type           Power      Damage    Failure   Level
a - Summon Small Mammal   Summ           100%       N/A       1%          1
b - Call Imp              Summ           26%        N/A       1%          2
c - Call Canine Familiar  Summ           26%        N/A       2%          3
d - Summon Guardian Gole  Hex/Summ       15%        N/A       12%         3

Your spell library contained the following spells:

 Spells                   Type           Power      Damage    Failure   Level
 Foxfire                  Conj/Fire      12%        2x1d4     16%         1
 Summon Lightning Spire   Summ/Air       15%        N/A       36%         4
 Fireball                 Conj/Fire      1%         3d3       99%         5
 Starburst                Conj/Fire      1%         6d3       100%        6


Dungeon Overview and Level Annotations

Branches:
Dungeon (3/15)

Altars:

Annotations:
D:2 Sigmund


Innate Abilities, Weirdness & Mutations

You have a beak for a mouth.
You have claws for feet.
Your magical nature lets you fly swiftly and evasively.


Message History

Something hits your hound.
Your rat bites the orc. x2
The orc priest invokes the aid of Beogh against you.
Your rat writhes in agony!
Your rat dies!
Your rat's corpse disappears in a puff of smoke!
What are your orders? t - Shout!
Orders for allies: a - Attack new target. r - Retreat! s - Stop attacking. g - Guard the area. f - Follow me.
Anything else - Cancel.
Gang up on whom?
Press: ? - help, Dir - move target, f - orc priest
Aim: an orc priest, wielding a +2 hand axe of flaming and wearing a +0 ring mail (heavily wounded) Attack!
Your hound closely misses the orc priest.
The orc closely misses you.
Your hound bites the orc priest.
You closely miss the orc. Your kick misses the orc.
The orc is severely wounded.
Your +8 spectral club barely misses the orc.
Your hound misses the orc priest.
Your rat bites the orc priest.
The orc closely misses you. The orc hits your hound with a +0 whip.
Your hound dies!
Your hound's corpse disappears in a puff of smoke!
You closely miss the orc.
The orc is severely wounded.
Your +8 spectral club barely misses the orc.
Your rat barely misses the orc priest.
The orc priest calls down the wrath of Beogh upon you.
Beogh smites you!
* * * LOW HITPOINT WARNING * * *
The orc closely misses you.
The hobgoblin hits your +8 spectral club but does no damage.
Unknown command.
Okay, then.
Unknown command.
The orc priest mumbles some strange prayers to Beogh against you.
Beogh smites you!
You die...

##.####.##.#....#.#
<.......##.#.####.#
##.###..##.#.# #.#
.#.#.<..#....####.#
.#.#.#.....#......#
.#.#.......#.######
.#.#.......#.# ###
.#.......###.# #<#
.o.##......r.###@#
.))......§oo..go.#
'#######'####†§#.#
##.....###.#.#
##.....####...#
##.....###.#.#.#
##.....###..#.#.#
#.....###...'.#.#
####'####....#.#.#


You could see an orc priest, 2 orcs and a hobgoblin.

Vanquished Creatures
  An adder (D:2)
  5 bats
  A goblin (D:1)
  A hobgoblin (D:1)
  A frilled lizard (D:1)
  2 rats
11 creatures vanquished.

Vanquished Creatures (collateral kills)
  Jessica (D:2)
  Natasha (thrice) (D:2)
  5 adders
  A worm (D:2)
  A dart slug (D:1)
  2 orcs (D:3)
  3 ball pythons
  4 endoplasms
  2 giant cockroaches
  3 hobgoblins
  4 jackals (D:1)
  A quokka (D:1)
  2 bats
  5 frilled lizards (D:1)
  4 goblins
  6 kobolds
  3 rats
50 creatures vanquished.

Vanquished Creatures (others)
  A plant (D:1)
1 creature vanquished.

Grand Total: 62 creatures vanquished

Notes
Turn   | Place    | Note
-------+----------+-------------------------------------------
     0 | D:1      | cforsyth the Tengu Summoner began the quest for the Orb.
     0 | D:1      | Reached XP level 1. HP: 10/10 MP: 4/4
    67 | D:1      | Reached skill level 5 in Summonings
   154 | D:1      | Reached XP level 2. HP: 15/15 MP: 1/6
   565 | D:1      | Reached XP level 3. HP: 13/19 MP: 2/7
   636 | D:1      | Learned a level 2 spell: Call Imp
   640 | D:1      | Learned a level 3 spell: Call Canine Familiar
  1338 | D:2      | Noticed Natasha
  1340 | D:2      | Noticed Jessica
  1408 | D:2      | Killed Natasha
  1409 | D:2      | Reached XP level 4. HP: 14/24 MP: 2/9
  1523 | D:2      | Learned a level 3 spell: Summon Guardian Golem
  1632 | D:2      | Reached skill level 6 in Summonings
  1726 | D:2      | Upgraded the game from 0.30-a0-757-ga6a79fd877 to
                  | 0.30-a0-760-g5a9884bb7c
  1919 | D:2      | Noticed Sigmund
  1973 | D:2      | Noticed Natasha
  1982 | D:2      | Killed Natasha
  1983 | D:2      | Gained mutation: Your magical nature lets you fly swiftly
                  | and evasively. [Tengu growth]
  1983 | D:2      | Reached XP level 5. HP: 28/28 MP: 6/11
  2069 | D:2      | Killed Jessica
  2153 | D:2      | Found a faded altar of an unknown god.
  2380 | D:2      | Noticed Natasha
  2389 | D:2      | Killed Natasha
  2759 | D:3      | Killed from afar by an orc priest

Illustrated notes

Levels and vault maps discovered:
D:1:      psy_arrival_fountain, layout_rooms, minmay_lizard_pond
D:2:      layout_loops_ring, serial_co_window_serial, co_window_corner_a,
          co_window_paths_a, co_window_corner_a, co_window_paths_a,
          co_window_corner_a, co_window_of_opportunity_a,
          co_window_of_opportunity_a, co_window_of_opportunity_b,
          co_window_of_opportunity_b, co_window_unsneaky_path_d,
          co_window_unsneaky_path_c, co_window_corner_cb, glass_columns_c,
          glass_columns_a, basic_ecumenical_altar, uniq_natasha, uniq_sigmund,
          uniq_jessica
D:3:      layout_basic, minmay_quadrilaterals

Skill      XL: |  1  2  3  4  5 |
---------------+----------------+-----
Summonings     | 5 6 |  6.8
Spellcasting   | 3 4 |  4.1
Dodging        | |  2.1
Stealth        | |  2.0

Action                     |  1- 3 |  4- 6 || total
---------------------------+-------+-------++-------
  Melee: Unarmed           |    34 |    19 ||    53
         Peck              |     6 |     2 ||     8
         Kick              |     8 |     3 ||    11
         Club              |       |     3 ||     3
   Cast: Summon Small Mamm |    52 |    11 ||    63
         Call Canine Famil |     4 |    10 ||    14
         Call Imp          |     1 |     5 ||     6
 Armour: Robe              |    36 |     6 ||    42
  Dodge: Dodged            |    96 |    37 ||   133

Table legend: (Time is in decaauts)
 A = Elapsed time spent in this place.
 B = Non-inter-level travel time spent in this place.
 C = Inter-level travel time spent in this place.
 D = Time resting spent in this place.
 E = Time spent auto-exploring this place.
 F = Levels seen in this place.
 G = Mean time per level.
                   A        B        C        D        E       F      G
               +--------+--------+--------+--------+--------+-----+--------+
         Total |   2722 |   2647 |     75 |    123 |   1754 |   3 |  907.3 |
       Dungeon |   2722 |   2647 |     75 |    123 |   1754 |   3 |  907.3 |
               +--------+--------+--------+--------+--------+-----+--------+

Top non-repeatable levels by time:
     D:2: 1423 daAuts
     D:1: 1101 daAuts
     D:3: 197 daAuts
